 Dungeon Crawl Stone Soup version 0.27-a0-1228-gfd60fd639a (webtiles) character file.

Game seed: 2071132385995536995

40 freelancePsychic the Stinger (level 3, -4/24 HPs)
             Began as a Human Venom Mage on June 8, 2021.
             Was an Initiate of Cheibriados.
             Slain by a black bear (5 damage)
             ... on level 2 of the Dungeon.
             The game lasted 00:07:09 (1916 turns).

freelancePsychic the Stinger (Human Venom Mage)     Turns: 1916, Time: 00:07:09

Health: -4/24      AC:  2    Str:  7 (9)  XL:     3   Next: 72%
Magic:  1/6        EV: 12    Int: 16 (17) God:    Cheibriados [......]
Gold:   65         SH:  0    Dex: 13 (14) Spells: 0/6 levels left

rFire    . . .     SeeInvis .   (no weapon)
rCold    . . .     Faith    .   (no shield)
rNeg     . . .     Spirit   .   a - +0 robe
rPois    .         Reflect  .   (no helmet)
rElec    .         Harm     .   (no cloak)
rCorr    .         Rampage  .   (no gloves)
Will     .....                  (no boots)
Stlth    ++........             (no amulet)
HPRegen  0.08/turn              (no ring)
MPRegen  0.10/turn              (no ring)

@: very slow
A: no striking features
a: Renounce Religion, Bend Time


You were on level 2 of the Dungeon.
You worshipped Cheibriados.
Cheibriados was noncommittal.
You visited 1 branch of the dungeon, and saw 2 of its levels.

You collected 65 gold pieces.

Inventory:

Armour
 a - a +0 robe (worn)
Scrolls
 b - a scroll of enchant weapon
 d - a scroll of fear {unknown}
 f - a scroll of magic mapping {unknown}
Potions
 e - a potion of curing {unknown}


   Skills:
 - Level 2.0 Dodging
 - Level 2.0 Stealth
 - Level 2.2 Spellcasting
 + Level 1.5 Transmutations
 + Level 1.6 Fire Magic
 + Level 3.5 Poison Magic


You couldn't memorise any spells.
You knew the following spells:

 Your Spells              Type           Power      Damage    Failure   Level
a - Sting                 Tmut/Pois      36%        1d4       7%          1
b - Poisonous Vapours     Pois/Air       14%        N/A       16%         2
c - Ignite Poison         Fire/Tmut/Pois 8%         N/A       24%         3

Your spell library contained the following spells:

 Spells                   Type           Power      Damage    Failure   Level
 Animate Skeleton         Necr           2%         N/A       21%         1
 Apportation              Tloc           2%         N/A       21%         1
 Corona                   Hex            1%         N/A       21%         1
 Magic Dart               Conj           4%         1d3       21%         1
 Summon Small Mammal      Summ           4%         N/A       21%         1
 Blink                    Tloc           N/A        N/A       30%         2
 Call Imp                 Summ           1%         N/A       30%         2
 Slow                     Hex            1%         N/A       30%         2
 Mephitic Cloud           Conj/Pois/Air  5%         N/A       36%         3
 Conjure Flame            Conj/Fire      4%         6-21      41%         3
 Olgreb's Toxic Radiance  Pois           13%        N/A       43%         4
 Call Canine Familiar     Summ           1%         N/A       52%         3
 Summon Guardian Golem    Hex/Summ       1%         N/A       52%         3
 Summon Ice Beast         Ice/Summ       1%         N/A       90%         4
 Summon Lightning Spire   Summ/Air       1%         N/A       90%         4


Dungeon Overview and Level Annotations

Branches:
Dungeon (2/15)

Altars:
Cheibriados


Message History

There is an open door here.
You open the door.
f - a scroll labelled TIUSMI NARUSM A black bear comes into view.
Casting: Poisonous Vapours (safe; 14% risk of failure)
Confirm with . or Enter, or press ? or * to list all spells.
Aiming: Poisonous Vapours (safe; 14% risk of failure)
Press: ? - help, Dir - move target, f - black bear
Aim: a black bear (asleep) Poisonous vapours surround the black bear!
The black bear growls angrily.
The black bear is engulfed in poison gas.
The black bear is poisoned.
Casting: Poisonous Vapours (safe; 14% risk of failure)
Confirm with . or Enter, or press ? or * to list all spells.
Aiming: Poisonous Vapours (safe; 14% risk of failure)
Press: ? - help, Dir - move target, f/p - black bear
Aim: a black bear (lightly wounded, poisoned) Poisonous vapours surround the black bear!
The black bear is engulfed in poison gas.
The black bear looks even sicker.
Casting: Poisonous Vapours (safe; 14% risk of failure)
Confirm with . or Enter, or press ? or * to list all spells.
Aiming: Poisonous Vapours (safe; 14% risk of failure)
Press: ? - help, Dir - move target, f/p - black bear
Aim: a black bear (moderately wounded, very poisoned) Poisonous vapours surround the black bear!
The black bear is engulfed in poison gas.
The black bear looks even sicker.
The black bear goes berserk!
The black bear closely misses you. The black bear claws you. x2
The black bear bites you. The black bear claws you. The black bear claws you!
* * * LOW HITPOINT WARNING * * *
Okay, then.
It was a potion of degeneration.
There was something very wrong with that liquid.
You feel weakened.
You feel dopey.
You feel clumsy. The black bear barely misses you.
The black bear completely misses you. The black bear claws you.
You die...

# ## # # .. #
#####.######### ###.###
...........h@.# ......
.####.####..#.######
###..#.
.................
.....#.
#.##.#....#..######
#... #
#.#..#..############...
#......................
###..###############...
#................#.#.
#...#########....#.#.


You could see a black bear (berserk, very poisoned).

Vanquished Creatures
  An adder (D:2)
  A dart slug (D:1)
  4 endoplasms
  3 goblins (D:1)
  3 hobgoblins (D:1)
  5 kobolds
  4 ball pythons
  4 bats (D:1)
  3 rats
28 creatures vanquished.

Notes
Turn   | Place    | Note
-------+----------+-------------------------------------------
     0 | D:1      | freelancePsychic the Human Venom Mage began the quest for
                  | the Orb.
     0 | D:1      | Reached XP level 1. HP: 13/13 MP: 3/3
   141 | D:1      | Reached XP level 2. HP: 19/19 MP: 0/5
   398 | D:1      | Learned a level 2 spell: Poisonous Vapours
   423 | D:1      | Reached skill level 1 in Fire Magic
   781 | D:1      | Reached XP level 3. HP: 24/24 MP: 4/6
   855 | D:1      | Found a faded altar of an unknown god.
  1197 | D:2      | Found a snail-covered altar of Cheibriados.
  1207 | D:2      | Became a worshipper of Cheibriados the Contemplative
  1790 | D:2      | Learned a level 3 spell: Ignite Poison
  1907 | D:2      | Noticed a black bear
  1915 | D:2      | HP: 1/24 [black bear (7)]
  1916 | D:2      | Slain by a black bear

Illustrated notes

Levels and vault maps discovered:
D:1:      dpeg_arrival_leaves_temple_mockup, layout_basic,
          hellmonk_ecumenical_altar_lost_god
D:2:      layout_basic, basic_altar

Skill      XL: |  1  2 |
---------------+-------+-----
Fire Magic     | 1 |  1.6
Dodging        | |  2.0
Stealth        | |  2.0
Spellcasting   | |  2.2
Transmutations | |  1.5
Poison Magic   | |  3.5

Action                   || total
-------------------------++-------
Melee: Unarmed           ||    10
 Cast: Sting             ||    46
       Poisonous Vapours ||     9
  Use: Scroll            ||     2
       Potion            ||     1
Armor: Robe              ||    10
Dodge: Dodged            ||    18

Table legend: (Time is in decaauts)
 A = Elapsed time spent in this place.
 B = Non-inter-level travel time spent in this place.
 C = Inter-level travel time spent in this place.
 D = Time resting spent in this place.
 E = Time spent auto-exploring this place.
 F = Levels seen in this place.
 G = Mean time per level.
                   A        B        C        D        E       F      G
               +--------+--------+--------+--------+--------+-----+--------+
         Total |   2035 |   2004 |     31 |     89 |   1699 |   2 | 1017.5 |
       Dungeon |   2035 |   2004 |     31 |     89 |   1699 |   2 | 1017.5 |
               +--------+--------+--------+--------+--------+-----+--------+

Top non-repeatable levels by time:
     D:1: 1197 daAuts
     D:2: 838 daAuts
